ST.LOUIS vs EDMONTON

Created - Thursday, November 23, 2017 at 07:33

Goals
1 2 3 T
ST.LOUIS 0 1 1 2
EDMONTON 3 0 1 4
Shots
1 2 3 T
ST.LOUIS 13 13 7 33
EDMONTON 11 12 8 31

1st period

1. EDMONTON , Kevin Shattenkirk 3 (Marcus Johansson 6, Mark Giordano 6) at 4:46
2. EDMONTON , Brandon Sutter 3 (Jason Chimera 1, Deryk Engelland 4) at 7:48
3. EDMONTON , Jason Chimera 3 (Brandon Sutter 3, Andrew MacDonald 6) at 17:16

Penalties :
Paul Byron (EDM) for Roughing (Minor) at 4:59, Jason Spezza (STL) for Roughing (Minor) at 9:44, Brooks Orpik (STL) for Hooking (Minor) at 15:08, Deryk Engelland (EDM) for Tripping (Minor) at 17:55

2nd period

4. ST.LOUIS , Troy Brouwer 4 (Vladislav Namestnikov 3, Ryan McDonagh 4) at 9:34

Penalties :
Deryk Engelland (EDM) for Cross-checking (Minor) at 7:27, Travis Zajac (STL) for Tripping (Minor) at 11:42, Deryk Engelland (EDM) for Slashing (Minor) at 14:04, Zack Kassian (STL) for Hooking (Minor) at 17:59

3rd period

5. ST.LOUIS , Ryan Dzingel 1 (Brooks Orpik 3, Vladislav Namestnikov 4) at 6:30
6. EDMONTON , Paul Byron 1 (Brandon Sutter 4) at 14:35

Penalties :
Alex Petrovic (STL) for Interference (Minor) at 0:49, Kevin Shattenkirk (EDM) for High sticking (Minor) at 11:20

Goalie Stats

Ben Bishop (STL), 27 saves from 31 shots - (0.871), L, 9-6-2, 60:00 minutes
Roberto Luongo (EDM), 31 saves from 33 shots - (0.939), W, 11-5-1, 60:00 minutes

Players Stats for ST.LOUIS

Player Name              G  A  P  +/- PIM S  H  SB GA TA FO     MP     PP MP  PK MP  
------------------------------------------------------------------------------------
Alex Petrovic            0  0  0  -1  2   3  6  2  0  0  0/0    21:01   4:01   3:21 
Brooks Orpik             0  1  1  -1  2   1  1  1  0  0  0/0    21:13   4:01   3:33 
Calle Jarnkrok           0  0  0  -2  0   2  0  0  0  0  0/0    15:48   5:18   0:00 
Dale Weise               0  0  0  -1  0   0  0  0  0  0  3/8     5:25   0:00   0:00 
Darnell Nurse            0  0  0   0  0   0  5  1  0  0  0/0    13:16   0:00   1:47 
Darren Archibald         0  0  0  -1  0   0  0  1  0  0  0/0     5:25   0:00   0:00 
Erik Johnson             0  0  0  -1  0   0  5  3  0  0  0/0    26:34   5:54   5:39 
Jaden Schwartz           0  0  0   0  0   3  0  0  0  0  0/4    24:01   4:37   6:31 
Jason Spezza             0  0  0  -2  2   2  3  0  0  0  8/20   18:14   5:18   2:27 
Jonathan Ericsson        0  0  0   0  0   0  1  0  0  0  0/0    11:29   0:00   0:00 
Radim Vrbata             0  0  0   0  0   2  1  0  0  0  1/1    20:54   4:37   3:24 
Ryan Dzingel             1  0  1   1  0   5  0  0  0  0  7/16   11:22   0:00   0:00 
Ryan McDonagh            0  1  1  -1  0   1  2  5  0  0  0/0    26:25   5:54   5:30 
Sam Gagner               0  0  0  -2  0   3  0  1  0  0  5/12   22:10   5:18   6:22 
Travis Zajac             0  0  0   0  2   3  8  0  0  0  11/22  17:35   4:37   0:06 
Troy Brouwer             1  0  1   1  0   3  1  0  0  0  1/1    12:22   0:00   1:00 
Vladislav Namestnikov    0  2  2   1  0   4  2  0  0  0  0/1    11:22   0:00   0:00 
Zack Kassian             0  0  0  -1  2   1  1  0  0  0  0/0     5:24   0:00   0:00 

Players Stats for EDMONTON

Player Name              G  A  P  +/- PIM S  H  SB GA TA FO     MP     PP MP  PK MP  
------------------------------------------------------------------------------------
Andrew MacDonald         0  1  1   2  0   2  0  1  0  0  0/0    18:34   4:55   3:46 
Brad Richardson          0  0  0   0  0   0  1  0  0  0  1/2     3:31   0:00   0:15 
Brandon Sutter           1  2  3   3  0   2  1  0  0  0  14/18  12:49   0:00   3:38 
Bryan Little             0  0  0  -1  0   0  2  0  0  0  11/25  18:13   4:32   0:00 
Cam Atkinson             0  0  0   0  0   1  1  0  0  0  2/3    25:13   5:23   5:48 
Deryk Engelland          0  1  1   2  6   0  3  2  0  0  0/0    13:18   0:00   2:35 
Eric Staal               0  0  0   0  0   3  2  2  0  0  17/32  25:27   5:23   6:02 
Jason Chimera            1  1  2   3  0   1  1  0  0  0  0/1     9:11   0:00   0:00 
Josh Manson              0  0  0   0  0   1  1  4  0  0  0/0    18:48   0:00   6:09 
Kevin Shattenkirk        1  0  1   0  2   3  3  0  0  0  0/0    23:14   5:00   0:37 
Kyle Okposo              0  0  0  -1  0   2  1  0  0  0  0/0    18:13   4:32   0:00 
Marcus Johansson         0  1  1  -1  0   3  3  1  0  0  1/1    18:13   4:32   0:00 
Mark Giordano            0  1  1   0  0   3  0  0  0  0  0/0    25:44   4:55   3:11 
Matt Calvert             0  0  0   0  0   0  0  0  0  0  0/0     3:16   0:00   0:00 
Melker Karlsson          0  0  0   0  0   0  1  0  0  0  2/2     3:16   0:00   0:00 
Ondrej Palat             0  0  0   0  0   6  3  0  0  0  1/1    23:03   5:23   3:38 
Paul Byron               1  0  1   3  2   2  0  0  0  0  0/0     9:39   0:00   0:29 
Sami Vatanen             0  0  0   0  0   2  0  0  0  0  0/0    20:18   5:00   3:32 

3 Stars

1 - Brandon Sutter (EDM)
2 - Jason Chimera (EDM)
3 - Paul Byron (EDM)

Power Play

ST.LOUIS - 0 on 5 Attempt(s) - 0.00%
EDMONTON - 0 on 5 Attempt(s) - 0.00%

Penalty Kill

ST.LOUIS - 5 on 5 Attempt(s) - 100.00% - Score 0 goal in Penalty Kill
EDMONTON - 5 on 5 Attempt(s) - 100.00% - Score 0 goal in Penalty Kill

Team Stat

ST.LOUIS - Hits : 36 - Faceoff Wins : 36 - Blocked Shots : 14 - Penalty Minutes : 10
EDMONTON - Hits : 23 - Faceoff Wins : 49 - Blocked Shots : 10 - Penalty Minutes : 10

Official

Referees : Unknown
Linesman : Unknown

Game Notes

No Game Note

Finance

Level 1 -- Attendance: 4480 (74.67%) -- Ticket Income $448,000
Level 2 -- Attendance: 3533 (70.66%) -- Ticket Income $211,980
Level 3 -- Attendance: 1821 (91.05%) -- Ticket Income $63,735
Level 4 -- Attendance: 4000 (100.00%) -- Ticket Income $80,000
Luxury Box -- Attendance: 729 (72.90%) -- Ticket Income $145,800
Game was played at the Rogers Place.
Total Attendance: 14563 (80.91%)
Total Ticket Income: $949,515
Total Income: $949,515

ST.LOUIS

5 vs 5 Forward 
   Center                   Left Wing                Right Wing               Time % Phy DF OF 
 1 Travis Zajac             Jaden Schwartz           Radim Vrbata             35     1   2  2  
 2 Jason Spezza             Calle Jarnkrok           Sam Gagner               30     1   2  2  
 3 Ryan Dzingel             Troy Brouwer             Vladislav Namestnikov    25     1   2  2  
 4 Dale Weise               Darren Archibald         Zack Kassian             10     1   2  2  

5 vs 5 Defense 
   Defense                  Defense                                           Time % Phy DF OF 
 1 Ryan McDonagh            Erik Johnson                                      35     1   2  2  
 2 Brooks Orpik             Alex Petrovic                                     30     1   2  2  
 3 Jonathan Ericsson        Darnell Nurse                                     25     1   2  2  
 4 Ryan McDonagh            Erik Johnson                                      10     1   2  2  

PowerPlay Forward 
   Center                   Left Wing                Right Wing               Time % Phy DF OF 
 1 Travis Zajac             Jaden Schwartz           Radim Vrbata             60     1   2  2  
 2 Jason Spezza             Calle Jarnkrok           Sam Gagner               40     1   2  2  

PowerPlay Defense
   Defense                  Defense                                           Time % Phy DF OF 
 1 Ryan McDonagh            Erik Johnson                                      60     1   2  2  
 2 Brooks Orpik             Alex Petrovic                                     40     1   2  2  

Penalty Kill 4 Players Forward 
   Center                   Wing                     Time % Phy DF OF 
 1 Sam Gagner               Jaden Schwartz           60     1   2  2  
 2 Jason Spezza             Radim Vrbata             40     1   2  2  

Penalty Kill 4 Players Defense
   Defense                  Defense                  Time % Phy DF OF 
 1 Ryan McDonagh            Erik Johnson             60     1   2  2  
 2 Brooks Orpik             Alex Petrovic            40     1   2  2  

Penalty Kill - 3 Players Forward 
   Forward                                           Time % Phy DF OF 
 1 Radim Vrbata                                      60     1   2  2  
 2 Jaden Schwartz                                    40     1   2  2  

Penalty Kill - 3 Players Defense
   Defense                  Defense                  Time % Phy DF OF 
 1 Ryan McDonagh            Erik Johnson             60     1   2  2  
 2 Brooks Orpik             Alex Petrovic            40     1   2  2  

4 vs 4 Forward 
   Center                   Wing                     Time % Phy DF OF 
 1 Vladislav Namestnikov    Jaden Schwartz           60     1   2  2  
 2 Jason Spezza             Radim Vrbata             40     1   2  2  

4 vs 4 Defense
   Defense                  Defense                  Time % Phy DF OF 
 1 Ryan McDonagh            Erik Johnson             60     1   2  2  
 2 Brooks Orpik             Alex Petrovic            40     1   2  2  

Last Minutes Offensive
   Center                   Left Wing                Right Wing               Defense                  Defense                  
   Travis Zajac             Jaden Schwartz           Radim Vrbata             Ryan McDonagh            Erik Johnson             

Last Minutes Defensive
   Center                   Left Wing                Right Wing               Defense                  Defense                  
   Travis Zajac             Jaden Schwartz           Radim Vrbata             Ryan McDonagh            Erik Johnson             

Goaltenders
Starting : Ben Bishop               
Backup : Alex Stalock             

Extra Forwards
Normal : Dale Weise, Vladislav Namestnikov, Troy Brouwer - PP : Dale Weise, Vladislav Namestnikov - PK : Troy Brouwer
Extra Defensemen
Normal : Jonathan Ericsson, Darnell Nurse, Brooks Orpik - PP : Jonathan Ericsson - PK : Darnell Nurse, Brooks Orpik
Penalty Shots
Troy Brouwer, Jaden Schwartz, Jason Spezza, Radim Vrbata, Sam Gagner

Scratches
None

EDMONTON

5 vs 5 Forward 
   Center                   Left Wing                Right Wing               Time % Phy DF OF 
 1 Eric Staal               Ondrej Palat             Cam Atkinson             35     1   2  2  
 2 Bryan Little             Marcus Johansson         Kyle Okposo              30     1   2  2  
 3 Brandon Sutter           Paul Byron               Jason Chimera            25     1   2  2  
 4 Brad Richardson          Matt Calvert             Melker Karlsson          10     1   2  2  

5 vs 5 Defense 
   Defense                  Defense                                           Time % Phy DF OF 
 1 Mark Giordano            Kevin Shattenkirk                                 35     1   2  2  
 2 Josh Manson              Sami Vatanen                                      30     1   2  2  
 3 Andrew MacDonald         Deryk Engelland                                   25     1   2  2  
 4 Mark Giordano            Kevin Shattenkirk                                 10     1   2  2  

PowerPlay Forward 
   Center                   Left Wing                Right Wing               Time % Phy DF OF 
 1 Eric Staal               Ondrej Palat             Cam Atkinson             55     1   2  2  
 2 Bryan Little             Marcus Johansson         Kyle Okposo              45     1   2  2  

PowerPlay Defense
   Defense                  Defense                                           Time % Phy DF OF 
 1 Mark Giordano            Andrew MacDonald                                  55     1   2  2  
 2 Kevin Shattenkirk        Sami Vatanen                                      45     1   2  2  

Penalty Kill 4 Players Forward 
   Center                   Wing                     Time % Phy DF OF 
 1 Eric Staal               Cam Atkinson             60     1   2  2  
 2 Brandon Sutter           Ondrej Palat             40     1   2  2  

Penalty Kill 4 Players Defense
   Defense                  Defense                  Time % Phy DF OF 
 1 Mark Giordano            Andrew MacDonald         55     1   2  2  
 2 Josh Manson              Deryk Engelland          45     1   2  2  

Penalty Kill - 3 Players Forward 
   Forward                                           Time % Phy DF OF 
 1 Eric Staal                                        55     1   2  2  
 2 Brandon Sutter                                    45     1   2  2  

Penalty Kill - 3 Players Defense
   Defense                  Defense                  Time % Phy DF OF 
 1 Mark Giordano            Andrew MacDonald         55     1   2  2  
 2 Josh Manson              Deryk Engelland          45     1   2  2  

4 vs 4 Forward 
   Center                   Wing                     Time % Phy DF OF 
 1 Eric Staal               Cam Atkinson             60     1   2  2  
 2 Bryan Little             Marcus Johansson         40     1   2  2  

4 vs 4 Defense
   Defense                  Defense                  Time % Phy DF OF 
 1 Mark Giordano            Andrew MacDonald         55     1   2  2  
 2 Kevin Shattenkirk        Sami Vatanen             45     1   2  2  

Last Minutes Offensive
   Center                   Left Wing                Right Wing               Defense                  Defense                  
   Eric Staal               Ondrej Palat             Cam Atkinson             Mark Giordano            Kevin Shattenkirk        

Last Minutes Defensive
   Center                   Left Wing                Right Wing               Defense                  Defense                  
   Eric Staal               Ondrej Palat             Cam Atkinson             Mark Giordano            Andrew MacDonald         

Goaltenders
Starting : Roberto Luongo           
Backup : Ryan Miller              

Extra Forwards
Normal : Jason Chimera, Paul Byron, Ondrej Palat - PP : Jason Chimera, Paul Byron - PK : Paul Byron
Extra Defensemen
Normal : Andrew MacDonald, Deryk Engelland, Kevin Shattenkirk - PP : Deryk Engelland - PK : Sami Vatanen, Kevin Shattenkirk
Penalty Shots
Eric Staal, Bryan Little, Marcus Johansson, Cam Atkinson, Kyle Okposo

Scratches
EDM Cap Hit (Suspend), Carl Klingberg (Healthy)

% Time on Ice - ST.LOUIS

Lines # - Real PCT - Wanted PCT - Time Play
Normal Forward
1 - 32% - 35% - 12:53
2 - 26% - 30% - 10:30
3 - 28% - 25% - 11:22
4 - 13% - 10% - 5:25
Normal Defense
1 - 35% - 35% - 14:15
2 - 34% - 30% - 13:40
3 - 29% - 25% - 11:29
4 - 2% - 10% - 0:46
PP Forward
1 - 47% - 60% - 4:37
2 - 53% - 40% - 5:18
PP Defense
1 - 59% - 60% - 5:54
2 - 41% - 40% - 4:01
PK Forward
1 - 66% - 60% - 6:31
2 - 34% - 40% - 3:24
PK Defense
1 - 55% - 60% - 5:30
2 - 45% - 40% - 4:25
PK3 Forward
1 - 0% - 60%
2 - 0% - 40%
PK3 Defense
1 - 0% - 60%
2 - 0% - 40%
44 Forward
1 - 0% - 60%
2 - 0% - 40%
44 Defense
1 - 0% - 60%
2 - 0% - 40%
Last Minute Offensive  - 0:00
Last Minute Defensive  - 0:00
Total
Forward - 60:00
Defense - 60:00

% Time on Ice - EDMONTON

Lines # - Real PCT - Wanted PCT - Time Play
Normal Forward
1 - 35% - 35% - 14:02
2 - 34% - 30% - 13:41
3 - 23% - 25% - 9:11
4 - 8% - 10% - 3:16
Normal Defense
1 - 39% - 35% - 15:38
2 - 31% - 30% - 12:39
3 - 25% - 25% - 9:53
4 - 5% - 10% - 2:00
PP Forward
1 - 54% - 55% - 5:23
2 - 46% - 45% - 4:32
PP Defense
1 - 50% - 55% - 4:55
2 - 50% - 45% - 5:00
PK Forward
1 - 63% - 60% - 6:17
2 - 37% - 40% - 3:38
PK Defense
1 - 38% - 55% - 3:46
2 - 62% - 45% - 6:09
PK3 Forward
1 - 0% - 55%
2 - 0% - 45%
PK3 Defense
1 - 0% - 55%
2 - 0% - 45%
44 Forward
1 - 0% - 60%
2 - 0% - 40%
44 Defense
1 - 0% - 55%
2 - 0% - 45%
Last Minute Offensive  - 0:00
Last Minute Defensive  - 0:00
Total
Forward - 60:00
Defense - 60:00

Play by Play

1st period


0:01 of 1st period - Eric Staal wins face-off versus Travis Zajac in neutral zone.
0:03 of 1st period - Kevin Shattenkirk is hit by Radim Vrbata and loses puck.
0:14 of 1st period - Erik Johnson is hit by Ondrej Palat and loses puck.
0:38 of 1st period - Mark Giordano is hit by Ryan McDonagh and loses puck.
0:58 of 1st period - Icing by Ryan McDonagh.
0:59 of 1st period - Travis Zajac wins face-off versus Jason Chimera in ST.LOUIS zone.
0:59 of 1st period - Travis Zajac is hit by Brandon Sutter.
1:08 of 1st period - Off-side.
1:09 of 1st period - Jason Spezza wins face-off versus Bryan Little in neutral zone.
1:28 of 1st period - Calle Jarnkrok is hit by Kyle Okposo and loses puck.
1:47 of 1st period - Shot by Kyle Okposo.
1:47 of 1st period - Shot Misses the Net.
1:53 of 1st period - Shot by Marcus Johansson.
1:53 of 1st period - Stopped by Ben Bishop without a rebound.
1:54 of 1st period - Brandon Sutter wins face-off versus Ryan Dzingel in ST.LOUIS zone.
1:54 of 1st period - Brandon Sutter is hit by Darnell Nurse.
2:00 of 1st period - Shot by Brandon Sutter.
2:00 of 1st period - Shot Misses the Net.
2:02 of 1st period - Shot by Paul Byron.
2:02 of 1st period - Stopped by Ben Bishop without a rebound.
2:03 of 1st period - Melker Karlsson wins face-off versus Ryan Dzingel in ST.LOUIS zone.
2:20 of 1st period - Shot by Vladislav Namestnikov.
2:20 of 1st period - Shot Misses the Net.
2:22 of 1st period - Shot by Ryan Dzingel.
2:22 of 1st period - Stopped by Roberto Luongo with a rebound.
2:27 of 1st period - Icing by Kevin Shattenkirk.
2:28 of 1st period - Brad Richardson wins face-off versus Dale Weise in EDMONTON zone.
2:44 of 1st period - Erik Johnson is hit by Brad Richardson and loses puck.
3:25 of 1st period - Shot by Ryan Dzingel.
3:25 of 1st period - Stopped by Roberto Luongo without a rebound.
3:26 of 1st period - Eric Staal wins face-off versus Jason Spezza in EDMONTON zone.
3:59 of 1st period - Eric Staal is hit by Alex Petrovic and loses puck.
4:19 of 1st period - Icing by Brooks Orpik.
4:20 of 1st period - Sam Gagner wins face-off versus Bryan Little in ST.LOUIS zone.
4:25 of 1st period - Brooks Orpik is hit by Marcus Johansson and loses puck.
4:44 of 1st period - Shot by Marcus Johansson.
4:44 of 1st period - Shot Misses the Net.
4:46 of 1st period - Shot by Kevin Shattenkirk.
4:46 of 1st period - Goal by Kevin Shattenkirk - ST.LOUIS : 0 - EDMONTON : 1.
4:47 of 1st period - Brandon Sutter wins face-off versus Travis Zajac in neutral zone.
4:54 of 1st period - Shot by Paul Byron.
4:54 of 1st period - Shot Blocked by Ryan McDonagh.
4:59 of 1st period - Minor Penalty to Paul Byron for Roughing.
5:00 of 1st period - Eric Staal wins face-off versus Travis Zajac in EDMONTON zone.
5:31 of 1st period - Shot by Ryan McDonagh.
5:31 of 1st period - Shot Blocked by Josh Manson.
6:25 of 1st period - Josh Manson is hit by Jason Spezza and loses puck.
6:30 of 1st period - Shot by Alex Petrovic.
6:30 of 1st period - Stopped by Roberto Luongo with a rebound.
6:32 of 1st period - Shot by Alex Petrovic.
6:32 of 1st period - Shot Blocked by Deryk Engelland.
6:34 of 1st period - Shot by Alex Petrovic.
6:34 of 1st period - Deflect By Sam Gagner.
6:34 of 1st period - Shot Misses the Net.
6:36 of 1st period - Shot by Alex Petrovic.
6:36 of 1st period - Stopped by Roberto Luongo without a rebound.
6:37 of 1st period - Brandon Sutter wins face-off versus Jason Spezza in EDMONTON zone.
6:58 of 1st period - Shot by Calle Jarnkrok.
6:58 of 1st period - Stopped by Roberto Luongo without a rebound.
6:59 of 1st period - Ryan Dzingel wins face-off versus Bryan Little in EDMONTON zone.
7:00 of 1st period - Shot by Darnell Nurse.
7:00 of 1st period - Deflect By Ryan Dzingel.
7:00 of 1st period - Stopped by Roberto Luongo without a rebound.
7:01 of 1st period - Ryan Dzingel wins face-off versus Bryan Little in EDMONTON zone.
7:14 of 1st period - Shot by Troy Brouwer.
7:14 of 1st period - Stopped by Roberto Luongo with a rebound.
7:16 of 1st period - Shot by Jonathan Ericsson.
7:16 of 1st period - Shot Blocked by Marcus Johansson.
7:20 of 1st period - Shot by Troy Brouwer.
7:20 of 1st period - Stopped by Roberto Luongo without a rebound.
7:21 of 1st period - Brandon Sutter wins face-off versus Dale Weise in EDMONTON zone.
7:40 of 1st period - Shot by Brandon Sutter.
7:40 of 1st period - Shot Misses the Net.
7:46 of 1st period - Shot by Brandon Sutter.
7:46 of 1st period - Shot Blocked by Darren Archibald.
7:48 of 1st period - Shot by Brandon Sutter.
7:48 of 1st period - Goal by Brandon Sutter - ST.LOUIS : 0 - EDMONTON : 2.
7:49 of 1st period - Travis Zajac wins face-off versus Eric Staal in neutral zone.
8:30 of 1st period - Shot by Jaden Schwartz.
8:30 of 1st period - Stopped by Roberto Luongo without a rebound.
8:31 of 1st period - Bryan Little wins face-off versus Ryan Dzingel in EDMONTON zone.
9:44 of 1st period - Minor Penalty to Jason Spezza for Roughing.
9:45 of 1st period - Eric Staal wins face-off versus Sam Gagner in ST.LOUIS zone.
10:13 of 1st period - Shot by Mark Giordano.
10:13 of 1st period - Deflect By Ondrej Palat.
10:13 of 1st period - Stopped by Ben Bishop with a rebound.
11:23 of 1st period - Shot by Eric Staal.
11:23 of 1st period - Stopped by Ben Bishop with a rebound.
11:25 of 1st period - Shot by Eric Staal.
11:25 of 1st period - Deflect By Ondrej Palat.
11:25 of 1st period - Shot Misses the Net.
11:27 of 1st period - Shot by Eric Staal.
11:27 of 1st period - Shot Misses the Net.
11:52 of 1st period - Icing by Deryk Engelland.
11:53 of 1st period - Melker Karlsson wins face-off versus Dale Weise in EDMONTON zone.
12:52 of 1st period - Shot by Paul Byron.
12:52 of 1st period - Deflect By Brandon Sutter.
12:52 of 1st period - Shot Misses the Net.
13:08 of 1st period - Shot by Brandon Sutter.
13:08 of 1st period - Stopped by Ben Bishop without a rebound.
13:09 of 1st period - Travis Zajac wins face-off versus Bryan Little in ST.LOUIS zone.
13:16 of 1st period - Shot by Erik Johnson.
13:16 of 1st period - Shot Misses the Net.
13:18 of 1st period - Shot by Travis Zajac.
13:18 of 1st period - Stopped by Roberto Luongo without a rebound.
13:19 of 1st period - Travis Zajac wins face-off versus Eric Staal in EDMONTON zone.
13:20 of 1st period - Shot by Alex Petrovic.
13:20 of 1st period - Shot Blocked by Josh Manson.
13:22 of 1st period - Shot by Alex Petrovic.
13:22 of 1st period - Shot Misses the Net.
13:26 of 1st period - Shot by Travis Zajac.
13:26 of 1st period - Stopped by Roberto Luongo with a rebound.
13:28 of 1st period - Shot by Alex Petrovic.
13:28 of 1st period - Stopped by Roberto Luongo without a rebound.
13:29 of 1st period - Travis Zajac wins face-off versus Eric Staal in EDMONTON zone.
13:38 of 1st period - Shot by Jaden Schwartz.
13:38 of 1st period - Shot Misses the Net.
14:08 of 1st period - Shot by Jaden Schwartz.
14:08 of 1st period - Shot Misses the Net.
15:06 of 1st period - Brandon Sutter is hit by Brooks Orpik and loses puck.
15:08 of 1st period - Minor Penalty to Brooks Orpik for Hooking.
15:09 of 1st period - Sam Gagner wins face-off versus Bryan Little in ST.LOUIS zone.
15:15 of 1st period - Icing by Bryan Little.
15:16 of 1st period - Bryan Little wins face-off versus Jaden Schwartz in EDMONTON zone.
15:25 of 1st period - Shot by Sami Vatanen.
15:25 of 1st period - Stopped by Ben Bishop without a rebound.
15:26 of 1st period - Eric Staal wins face-off versus Sam Gagner in ST.LOUIS zone.
15:49 of 1st period - Shot by Eric Staal.
15:49 of 1st period - Shot Blocked by Ryan McDonagh.
16:39 of 1st period - Bryan Little is hit by Alex Petrovic and loses puck.
16:42 of 1st period - Shot by Kyle Okposo.
16:42 of 1st period - Deflect By Marcus Johansson.
16:42 of 1st period - Stopped by Ben Bishop without a rebound.
16:43 of 1st period - Radim Vrbata wins face-off versus Bryan Little in ST.LOUIS zone.
17:12 of 1st period - Shot by Andrew MacDonald.
17:12 of 1st period - Stopped by Ben Bishop without a rebound.
17:13 of 1st period - Brandon Sutter wins face-off versus Ryan Dzingel in ST.LOUIS zone.
17:16 of 1st period - Shot by Brandon Sutter.
17:16 of 1st period - Deflect By Jason Chimera.
17:16 of 1st period - Goal by Jason Chimera - ST.LOUIS : 0 - EDMONTON : 3.
17:17 of 1st period - Ryan Dzingel wins face-off versus Eric Staal in neutral zone.
17:22 of 1st period - Shot by Ryan Dzingel.
17:22 of 1st period - Deflect By Vladislav Namestnikov.
17:22 of 1st period - Shot Misses the Net.
17:45 of 1st period - Alex Petrovic is hit by Cam Atkinson and loses puck.
17:54 of 1st period - Shot by Vladislav Namestnikov.
17:54 of 1st period - Shot Blocked by Andrew MacDonald.
17:55 of 1st period - Minor Penalty to Deryk Engelland for Tripping.
17:56 of 1st period - Travis Zajac wins face-off versus Eric Staal in EDMONTON zone.
18:19 of 1st period - Shot by Travis Zajac.
18:19 of 1st period - Deflect By Radim Vrbata.
18:19 of 1st period - Shot Misses the Net.
18:35 of 1st period - Shot by Jaden Schwartz.
18:35 of 1st period - Shot Misses the Net.
18:39 of 1st period - Shot by Radim Vrbata.
18:39 of 1st period - Stopped by Roberto Luongo without a rebound.
18:40 of 1st period - Brandon Sutter wins face-off versus Jason Spezza in EDMONTON zone.
18:40 of 1st period - Brandon Sutter is hit by Jason Spezza.
Goals for this period are 0 for ST.LOUIS vs 3 for EDMONTON.
Shots for this period are 13 for ST.LOUIS vs 11 for EDMONTON.

2nd period


0:01 of 2nd period - Bryan Little wins face-off versus Travis Zajac in neutral zone.
0:17 of 2nd period - Shot by Kyle Okposo.
0:17 of 2nd period - Deflect By Marcus Johansson.
0:17 of 2nd period - Shot Misses the Net.
0:32 of 2nd period - Jaden Schwartz is hit by Bryan Little and loses puck.
1:10 of 2nd period - Calle Jarnkrok is hit by Josh Manson and loses puck.
1:17 of 2nd period - Shot by Sam Gagner.
1:17 of 2nd period - Stopped by Roberto Luongo without a rebound.
1:18 of 2nd period - Brandon Sutter wins face-off versus Ryan Dzingel in EDMONTON zone.
2:12 of 2nd period - Ryan Dzingel is hit by Ondrej Palat and loses puck.
2:25 of 2nd period - Shot by Sami Vatanen.
2:25 of 2nd period - Shot Misses the Net.
2:33 of 2nd period - Shot by Ondrej Palat.
2:33 of 2nd period - Shot Misses the Net.
2:35 of 2nd period - Shot by Josh Manson.
2:35 of 2nd period - Stopped by Ben Bishop without a rebound.
2:36 of 2nd period - Bryan Little wins face-off versus Jason Spezza in ST.LOUIS zone.
2:36 of 2nd period - Kevin Shattenkirk is hit by Erik Johnson and loses puck.
2:48 of 2nd period - Bryan Little is hit by Erik Johnson and loses puck.
3:22 of 2nd period - Bryan Little is hit by Erik Johnson and loses puck.
3:48 of 2nd period - Eric Staal is hit by Travis Zajac and loses puck.
3:55 of 2nd period - Shot by Ondrej Palat.
3:55 of 2nd period - Shot Misses the Net.
4:04 of 2nd period - Ondrej Palat is hit by Darnell Nurse.
4:08 of 2nd period - Shot by Eric Staal.
4:08 of 2nd period - Stopped by Ben Bishop without a rebound.
4:09 of 2nd period - Dale Weise wins face-off versus Brandon Sutter in ST.LOUIS zone.
4:39 of 2nd period - Icing by Deryk Engelland.
4:40 of 2nd period - Brandon Sutter wins face-off versus Jaden Schwartz in EDMONTON zone.
4:40 of 2nd period - Brandon Sutter is hit by Jonathan Ericsson.
4:48 of 2nd period - Shot by Paul Byron.
4:48 of 2nd period - Shot Blocked by Darnell Nurse.
4:53 of 2nd period - Jason Chimera is hit by Darnell Nurse and loses puck.
5:42 of 2nd period - Shot by Kevin Shattenkirk.
5:42 of 2nd period - Stopped by Ben Bishop without a rebound.
5:43 of 2nd period - Ryan Dzingel wins face-off versus Bryan Little in ST.LOUIS zone.
5:45 of 2nd period - Icing by Vladislav Namestnikov.
5:46 of 2nd period - Bryan Little wins face-off versus Vladislav Namestnikov in ST.LOUIS zone.
6:11 of 2nd period - Shot by Ryan Dzingel.
6:11 of 2nd period - Deflect By Vladislav Namestnikov.
6:11 of 2nd period - Stopped by Roberto Luongo without a rebound.
6:12 of 2nd period - Eric Staal wins face-off versus Jaden Schwartz in EDMONTON zone.
6:12 of 2nd period - Eric Staal is hit by Travis Zajac.
6:18 of 2nd period - Shot by Cam Atkinson.
6:18 of 2nd period - Shot Blocked by Alex Petrovic.
6:25 of 2nd period - Jaden Schwartz is hit by Ondrej Palat.
6:53 of 2nd period - Shot by Jaden Schwartz.
6:53 of 2nd period - Shot Blocked by Eric Staal.
7:23 of 2nd period - Shot by Calle Jarnkrok.
7:23 of 2nd period - Stopped by Roberto Luongo without a rebound.
7:24 of 2nd period - Ryan Dzingel wins face-off versus Brandon Sutter in EDMONTON zone.
7:26 of 2nd period - Troy Brouwer is hit by Deryk Engelland and loses puck.
7:27 of 2nd period - Minor Penalty to Deryk Engelland for Cross-checking.
7:28 of 2nd period - Eric Staal wins face-off versus Jason Spezza in EDMONTON zone.
7:35 of 2nd period - Shot by Jason Spezza.
7:35 of 2nd period - Stopped by Roberto Luongo without a rebound.
7:36 of 2nd period - Eric Staal wins face-off versus Travis Zajac in EDMONTON zone.
8:56 of 2nd period - Shot by Brooks Orpik.
8:56 of 2nd period - Stopped by Roberto Luongo without a rebound.
8:57 of 2nd period - Brandon Sutter wins face-off versus Jason Spezza in EDMONTON zone.
9:34 of 2nd period - Shot by Troy Brouwer.
9:34 of 2nd period - Goal by Troy Brouwer - ST.LOUIS : 1 - EDMONTON : 3.
9:35 of 2nd period - Travis Zajac wins face-off versus Bryan Little in neutral zone.
9:52 of 2nd period - Shot by Kyle Okposo.
9:52 of 2nd period - Stopped by Ben Bishop without a rebound.
9:53 of 2nd period - Ryan Dzingel wins face-off versus Brad Richardson in ST.LOUIS zone.
9:53 of 2nd period - Ryan Dzingel is hit by Melker Karlsson.
10:57 of 2nd period - Eric Staal is hit by Erik Johnson and loses puck.
11:10 of 2nd period - Shot by Sam Gagner.
11:10 of 2nd period - Stopped by Roberto Luongo without a rebound.
11:11 of 2nd period - Travis Zajac wins face-off versus Bryan Little in EDMONTON zone.
11:15 of 2nd period - Travis Zajac is hit by Deryk Engelland and loses puck.
11:29 of 2nd period - Jaden Schwartz is hit by Deryk Engelland.
11:31 of 2nd period - Shot by Radim Vrbata.
11:31 of 2nd period - Deflect By Jaden Schwartz.
11:31 of 2nd period - Stopped by Roberto Luongo with a rebound.
11:40 of 2nd period - Marcus Johansson is hit by Travis Zajac and loses puck.
11:42 of 2nd period - Minor Penalty to Travis Zajac for Tripping.
11:43 of 2nd period - Eric Staal wins face-off versus Sam Gagner in ST.LOUIS zone.
11:56 of 2nd period - Shot by Eric Staal.
11:56 of 2nd period - Shot Blocked by Ryan McDonagh.
11:58 of 2nd period - Shot by Kevin Shattenkirk.
11:58 of 2nd period - Shot Blocked by Ryan McDonagh.
12:02 of 2nd period - Shot by Sami Vatanen.
12:02 of 2nd period - Stopped by Ben Bishop without a rebound.
12:03 of 2nd period - Bryan Little wins face-off versus Sam Gagner in ST.LOUIS zone.
12:03 of 2nd period - Bryan Little is hit by Alex Petrovic.
12:15 of 2nd period - Erik Johnson is hit by Marcus Johansson and loses puck.
12:22 of 2nd period - Shot by Andrew MacDonald.
12:22 of 2nd period - Shot Misses the Net.
12:24 of 2nd period - Shot by Andrew MacDonald.
12:24 of 2nd period - Deflect By Bryan Little.
12:24 of 2nd period - Shot Blocked by Ryan McDonagh.
12:26 of 2nd period - Shot by Mark Giordano.
12:26 of 2nd period - Shot Misses the Net.
12:28 of 2nd period - Shot by Bryan Little.
12:28 of 2nd period - Shot Blocked by Erik Johnson.
13:17 of 2nd period - Shot by Eric Staal.
13:17 of 2nd period - Deflect By Ondrej Palat.
13:17 of 2nd period - Stopped by Ben Bishop without a rebound.
13:18 of 2nd period - Jason Spezza wins face-off versus Eric Staal in ST.LOUIS zone.
13:41 of 2nd period - Shot by Eric Staal.
13:41 of 2nd period - Shot Misses the Net.
13:47 of 2nd period - Shot by Vladislav Namestnikov.
13:47 of 2nd period - Shot Blocked by Deryk Engelland.
13:49 of 2nd period - Shot by Vladislav Namestnikov.
13:49 of 2nd period - Stopped by Roberto Luongo with a rebound.
13:51 of 2nd period - Shot by Vladislav Namestnikov.
13:51 of 2nd period - Shot Misses the Net.
14:04 of 2nd period - Minor Penalty to Deryk Engelland for Slashing.
14:05 of 2nd period - Eric Staal wins face-off versus Jason Spezza in EDMONTON zone.
14:29 of 2nd period - Icing by Calle Jarnkrok.
14:30 of 2nd period - Jason Spezza wins face-off versus Eric Staal in ST.LOUIS zone.
15:03 of 2nd period - Shot by Travis Zajac.
15:03 of 2nd period - Shot Blocked by Josh Manson.
15:29 of 2nd period - Shot by Alex Petrovic.
15:29 of 2nd period - Shot Blocked by Eric Staal.
15:31 of 2nd period - Shot by Travis Zajac.
15:31 of 2nd period - Stopped by Roberto Luongo without a rebound.
15:32 of 2nd period - Eric Staal wins face-off versus Jason Spezza in EDMONTON zone.
15:58 of 2nd period - Icing by Ryan McDonagh.
15:59 of 2nd period - Jason Spezza wins face-off versus Eric Staal in ST.LOUIS zone.
16:30 of 2nd period - Shot by Vladislav Namestnikov.
16:30 of 2nd period - Stopped by Roberto Luongo with a rebound.
16:32 of 2nd period - Shot by Ryan Dzingel.
16:32 of 2nd period - Shot Misses the Net.
16:36 of 2nd period - Shot by Ryan Dzingel.
16:36 of 2nd period - Stopped by Roberto Luongo with a rebound.
16:55 of 2nd period - Kyle Okposo is hit by Travis Zajac and loses puck.
17:32 of 2nd period - Shot by Jaden Schwartz.
17:32 of 2nd period - Stopped by Roberto Luongo without a rebound.
17:33 of 2nd period - Eric Staal wins face-off versus Dale Weise in EDMONTON zone.
17:38 of 2nd period - Shot by Ondrej Palat.
17:38 of 2nd period - Stopped by Ben Bishop without a rebound.
17:39 of 2nd period - Eric Staal wins face-off versus Dale Weise in ST.LOUIS zone.
17:42 of 2nd period - Shot by Ondrej Palat.
17:42 of 2nd period - Stopped by Ben Bishop with a rebound.
17:51 of 2nd period - Icing by Erik Johnson.
17:52 of 2nd period - Dale Weise wins face-off versus Brandon Sutter in ST.LOUIS zone.
17:57 of 2nd period - Deryk Engelland is hit by Zack Kassian and loses puck.
17:59 of 2nd period - Minor Penalty to Zack Kassian for Hooking.
18:00 of 2nd period - Ondrej Palat wins face-off versus Sam Gagner in ST.LOUIS zone.
18:25 of 2nd period - Shot by Eric Staal.
18:25 of 2nd period - Shot Misses the Net.
18:27 of 2nd period - Shot by Andrew MacDonald.
18:27 of 2nd period - Stopped by Ben Bishop without a rebound.
18:28 of 2nd period - Marcus Johansson wins face-off versus Sam Gagner in ST.LOUIS zone.
18:28 of 2nd period - Sami Vatanen is hit by Erik Johnson and loses puck.
18:41 of 2nd period - Shot by Kevin Shattenkirk.
18:41 of 2nd period - Stopped by Ben Bishop with a rebound.
18:59 of 2nd period - Alex Petrovic is hit by Marcus Johansson and loses puck.
19:04 of 2nd period - Shot by Marcus Johansson.
19:04 of 2nd period - Stopped by Ben Bishop without a rebound.
19:05 of 2nd period - Sam Gagner wins face-off versus Eric Staal in ST.LOUIS zone.
19:28 of 2nd period - Shot by Cam Atkinson.
19:28 of 2nd period - Shot Blocked by Erik Johnson.
19:30 of 2nd period - Shot by Mark Giordano.
19:30 of 2nd period - Stopped by Ben Bishop without a rebound.
19:31 of 2nd period - Bryan Little wins face-off versus Sam Gagner in ST.LOUIS zone.
19:32 of 2nd period - Shot by Kevin Shattenkirk.
19:32 of 2nd period - Shot Misses the Net.
19:34 of 2nd period - Shot by Sami Vatanen.
19:34 of 2nd period - Shot Blocked by Brooks Orpik.
19:36 of 2nd period - Shot by Marcus Johansson.
19:36 of 2nd period - Shot Misses the Net.
19:38 of 2nd period - Shot by Sami Vatanen.
19:38 of 2nd period - Shot Misses the Net.
19:40 of 2nd period - Shot by Kyle Okposo.
19:40 of 2nd period - Shot Misses the Net.
19:42 of 2nd period - Shot by Kevin Shattenkirk.
19:42 of 2nd period - Shot Misses the Net.
Goals for this period are 1 for ST.LOUIS vs 0 for EDMONTON.
Shots for this period are 13 for ST.LOUIS vs 12 for EDMONTON.

3rd period


0:01 of 3rd period - Jason Spezza wins face-off versus Eric Staal in neutral zone.
0:29 of 3rd period - Shot by Cam Atkinson.
0:29 of 3rd period - Shot Blocked by Erik Johnson.
0:47 of 3rd period - Shot by Eric Staal.
0:47 of 3rd period - Stopped by Ben Bishop without a rebound.
0:48 of 3rd period - Brandon Sutter wins face-off versus Travis Zajac in ST.LOUIS zone.
0:48 of 3rd period - Brandon Sutter is hit by Alex Petrovic.
0:49 of 3rd period - Minor Penalty to Alex Petrovic for Interference.
0:50 of 3rd period - Sam Gagner wins face-off versus Bryan Little in ST.LOUIS zone.
0:50 of 3rd period - Sam Gagner is hit by Bryan Little.
1:22 of 3rd period - Shot by Mark Giordano.
1:22 of 3rd period - Stopped by Ben Bishop without a rebound.
1:23 of 3rd period - Jason Spezza wins face-off versus Cam Atkinson in ST.LOUIS zone.
1:36 of 3rd period - Shot by Eric Staal.
1:36 of 3rd period - Shot Misses the Net.
1:38 of 3rd period - Shot by Ondrej Palat.
1:38 of 3rd period - Stopped by Ben Bishop without a rebound.
1:39 of 3rd period - Sam Gagner wins face-off versus Eric Staal in ST.LOUIS zone.
2:21 of 3rd period - Kevin Shattenkirk is hit by Darnell Nurse.
2:39 of 3rd period - Shot by Kyle Okposo.
2:39 of 3rd period - Shot Misses the Net.
2:41 of 3rd period - Shot by Kyle Okposo.
2:41 of 3rd period - Shot Misses the Net.
2:43 of 3rd period - Shot by Kyle Okposo.
2:43 of 3rd period - Shot Misses the Net.
2:45 of 3rd period - Shot by Mark Giordano.
2:45 of 3rd period - Stopped by Ben Bishop without a rebound.
2:46 of 3rd period - Troy Brouwer wins face-off versus Bryan Little in ST.LOUIS zone.
3:05 of 3rd period - Alex Petrovic is hit by Jason Chimera.
3:11 of 3rd period - Shot by Zack Kassian.
3:11 of 3rd period - Stopped by Roberto Luongo without a rebound.
3:12 of 3rd period - Bryan Little wins face-off versus Travis Zajac in EDMONTON zone.
3:16 of 3rd period - Off-side.
3:17 of 3rd period - Cam Atkinson wins face-off versus Travis Zajac in neutral zone.
3:22 of 3rd period - Shot by Ondrej Palat.
3:22 of 3rd period - Deflect By Cam Atkinson.
3:22 of 3rd period - Stopped by Ben Bishop without a rebound.
3:23 of 3rd period - Travis Zajac wins face-off versus Eric Staal in ST.LOUIS zone.
3:36 of 3rd period - Shot by Ondrej Palat.
3:36 of 3rd period - Stopped by Ben Bishop without a rebound.
3:37 of 3rd period - Jason Spezza wins face-off versus Bryan Little in ST.LOUIS zone.
4:12 of 3rd period - Icing by Jonathan Ericsson.
4:13 of 3rd period - Eric Staal wins face-off versus Jason Spezza in ST.LOUIS zone.
4:24 of 3rd period - Sami Vatanen is hit by Darnell Nurse and loses puck.
4:44 of 3rd period - Darnell Nurse is hit by Eric Staal and loses puck.
5:25 of 3rd period - Shot by Ryan McDonagh.
5:25 of 3rd period - Shot Blocked by Josh Manson.
5:38 of 3rd period - Cam Atkinson is hit by Ryan McDonagh and loses puck.
5:58 of 3rd period - Icing by Kevin Shattenkirk.
5:59 of 3rd period - Brandon Sutter wins face-off versus Ryan Dzingel in EDMONTON zone.
6:01 of 3rd period - Icing by Kevin Shattenkirk.
6:02 of 3rd period - Brandon Sutter wins face-off versus Ryan Dzingel in EDMONTON zone.
6:12 of 3rd period - Icing by Alex Petrovic.
6:13 of 3rd period - Bryan Little wins face-off versus Ryan Dzingel in ST.LOUIS zone.
6:30 of 3rd period - Shot by Ryan Dzingel.
6:30 of 3rd period - Goal by Ryan Dzingel - ST.LOUIS : 2 - EDMONTON : 3.
6:31 of 3rd period - Travis Zajac wins face-off versus Brandon Sutter in neutral zone.
6:36 of 3rd period - Icing by Kevin Shattenkirk.
6:37 of 3rd period - Brandon Sutter wins face-off versus Travis Zajac in EDMONTON zone.
6:54 of 3rd period - Shot by Jaden Schwartz.
6:54 of 3rd period - Shot Misses the Net.
7:08 of 3rd period - Shot by Radim Vrbata.
7:08 of 3rd period - Stopped by Roberto Luongo without a rebound.
7:09 of 3rd period - Cam Atkinson wins face-off versus Jason Spezza in EDMONTON zone.
7:13 of 3rd period - Ondrej Palat is hit by Alex Petrovic and loses puck.
8:49 of 3rd period - Kevin Shattenkirk is hit by Vladislav Namestnikov and loses puck.
8:55 of 3rd period - Jonathan Ericsson is hit by Kevin Shattenkirk and loses puck.
9:00 of 3rd period - Shot by Vladislav Namestnikov.
9:00 of 3rd period - Shot Misses the Net.
9:02 of 3rd period - Shot by Troy Brouwer.
9:02 of 3rd period - Shot Misses the Net.
9:04 of 3rd period - Shot by Vladislav Namestnikov.
9:04 of 3rd period - Stopped by Roberto Luongo with a rebound.
9:54 of 3rd period - Dale Weise is hit by Kevin Shattenkirk and loses puck.
10:28 of 3rd period - Icing by Kevin Shattenkirk.
10:29 of 3rd period - Bryan Little wins face-off versus Travis Zajac in EDMONTON zone.
10:29 of 3rd period - Bryan Little is hit by Travis Zajac.
10:32 of 3rd period - Kyle Okposo is hit by Travis Zajac and loses puck.
10:48 of 3rd period - Travis Zajac is hit by Kevin Shattenkirk and loses puck.
11:19 of 3rd period - Icing by Kevin Shattenkirk.
11:20 of 3rd period - Jason Spezza wins face-off versus Bryan Little in EDMONTON zone.
11:20 of 3rd period - Minor Penalty to Kevin Shattenkirk for High sticking.
11:21 of 3rd period - Eric Staal wins face-off versus Jason Spezza in EDMONTON zone.
11:46 of 3rd period - Shot by Jason Spezza.
11:46 of 3rd period - Stopped by Roberto Luongo without a rebound.
11:47 of 3rd period - Travis Zajac wins face-off versus Eric Staal in EDMONTON zone.
12:02 of 3rd period - Shot by Ryan McDonagh.
12:02 of 3rd period - Stopped by Roberto Luongo without a rebound.
12:03 of 3rd period - Eric Staal wins face-off versus Jason Spezza in EDMONTON zone.
12:30 of 3rd period - Shot by Sam Gagner.
12:30 of 3rd period - Stopped by Roberto Luongo without a rebound.
12:31 of 3rd period - Eric Staal wins face-off versus Jaden Schwartz in EDMONTON zone.
13:04 of 3rd period - Shot by Erik Johnson.
13:04 of 3rd period - Shot Misses the Net.
14:33 of 3rd period - Shot by Paul Byron.
14:33 of 3rd period - Shot Blocked by Sam Gagner.
14:35 of 3rd period - Shot by Paul Byron.
14:35 of 3rd period - Goal by Paul Byron - ST.LOUIS : 2 - EDMONTON : 4.
14:36 of 3rd period - Dale Weise wins face-off versus Eric Staal in neutral zone.
15:51 of 3rd period - Marcus Johansson is hit by Alex Petrovic and loses puck.
16:10 of 3rd period - Icing by Andrew MacDonald.
16:11 of 3rd period - Bryan Little wins face-off versus Travis Zajac in EDMONTON zone.
16:11 of 3rd period - Bryan Little is hit by Travis Zajac.
16:41 of 3rd period - Icing by Paul Byron.
16:42 of 3rd period - Brandon Sutter wins face-off versus Ryan Dzingel in EDMONTON zone.
16:42 of 3rd period - Brandon Sutter is hit by Vladislav Namestnikov.
16:53 of 3rd period - Sami Vatanen is hit by Troy Brouwer and loses puck.
17:01 of 3rd period - Icing by Troy Brouwer.
17:02 of 3rd period - Ryan Dzingel wins face-off versus Eric Staal in ST.LOUIS zone.
17:15 of 3rd period - Vladislav Namestnikov is hit by Eric Staal and loses puck.
17:44 of 3rd period - Shot by Ondrej Palat.
17:44 of 3rd period - Shot Misses the Net.
17:46 of 3rd period - Shot by Cam Atkinson.
17:46 of 3rd period - Shot Misses the Net.
17:48 of 3rd period - Shot by Kevin Shattenkirk.
17:48 of 3rd period - Shot Blocked by Alex Petrovic.
18:38 of 3rd period - Brandon Sutter is hit by Jason Spezza and loses puck.
19:15 of 3rd period - Shot by Marcus Johansson.
19:15 of 3rd period - Shot Misses the Net.
19:23 of 3rd period - Bryan Little is hit by Travis Zajac and loses puck.
19:34 of 3rd period - Shot by Kyle Okposo.
19:34 of 3rd period - Stopped by Ben Bishop with a rebound.
Goals for this period are 1 for ST.LOUIS vs 1 for EDMONTON.
Shots for this period are 7 for ST.LOUIS vs 8 for EDMONTON.